 Dungeon Crawl Stone Soup version 0.29-a0-994-gc5c9f59d18 (webtiles) character file.

Game seed: 11266106315967803728

32 coolguy69 the Cutter (level 3, -3/20 HPs)
             Began as a Vine Stalker Monk on Aug 3, 2022.
             Succumbed to an adder's poison
             ... on level 2 of the Dungeon.
             The game lasted 00:01:07 (1663 turns).

coolguy69 the Cutter (Vine Stalker Monk)            Turns: 1663, Time: 00:01:08

Health: -3/20      AC:  2    Str: 11 (13) XL:     3   Next: 27%
Magic:  1/4        EV: 13    Int:  9 (10) God:
Gold:   97         SH:  0    Dex: 15 (16) Spells: 2/2 levels left

rFire   . . .      SeeInvis .   a - +0 short sword
rCold   . . .      Faith    .   (no shield)
rNeg    . . .      Spirit   +   b - +0 robe
rPois   .          Reflect  .   (no helmet)
rElec   .          Harm     .   (no cloak)
rCorr   .          Rampage  .   (no gloves)
Will    .....      Clarity  +   (no boots)
Stlth   ++........              (no amulet)
HPRegen 0.06/turn               (no ring)
MPRegen 0.09/turn               (no ring)

@: lethally poisoned (-3 -> -21)
A: fangs 2, magic shield, antimagic bite, no potion heal 2, clarity, sense
surroundings 1, weak 1
a: no special abilities


You were on level 2 of the Dungeon.
You visited 1 branch of the dungeon, and saw 2 of its levels.

You collected 97 gold pieces.

Inventory:

Hand Weapons
 a - a +0 short sword (weapon)
Armour
 b - a +0 robe (worn)
Scrolls
 d - 3 scrolls of immolation {unknown}
 g - 2 scrolls of fear {unknown}
 h - a scroll of poison {unknown}
 j - a scroll of blinking {unknown}
 k - a scroll of noise {unknown}
 l - a scroll of identify {unknown}
Potions
 c - a potion of ambrosia


   Skills:
 + Level 3.0 Fighting
 + Level 3.2 Short Blades
 + Level 2.7 Dodging
 + Level 2.9 Stealth


You had 2 spell levels left.
You didn't know any spells.
Your spell library was empty.

Dungeon Overview and Level Annotations

Branches:
Dungeon (2/15)

Altars:

Shops:
D:1 !


Innate Abilities, Weirdness & Mutations

You have extremely sharp teeth.
When hurt, damage is shared between your health and your magic reserves.
Your bite disrupts and absorbs the magic of your enemies.
Potions cannot restore your health.
You possess an exceptional clarity of mind.
You passively map a small area around you.
You are weak. (Str -2)


Message History

You feel sick. The adder barely misses you.
You are too injured to fight recklessly!
You are too injured to fight recklessly!
You are too injured to fight recklessly!
You are too injured to fight recklessly!
You are too injured to fight recklessly!
You are too injured to fight recklessly!
You are too injured to fight recklessly!
It was a potion of curing.
Your system rejects the healing.
You feel better. The adder bites you but does no damage.
It was a potion of degeneration.
There was something very wrong with that liquid.
You feel weakened.
You feel dopey.
You feel clumsy. The adder closely misses you.
It was a potion of cancellation.
You feel magically purged. The adder bites you.
You are poisoned.
The adder poisons you! The adder bites you.
It was a potion of mutation.
You feel extremely strange.
Your thoughts seem clearer.
You feel weaker.
You feel a strange attunement to the structure of the dungeons.
You feel sick. The adder bites you.
* * * LOW HITPOINT WARNING * * *
You are lethally poisoned!
The adder poisons you!
You hit the adder. Your bite misses the adder.
The adder is heavily wounded.
* * * LOW HITPOINT WARNING * * *
You feel sick. The adder barely misses you.
You miss the adder. Your bite misses the adder.
The adder is heavily wounded.
* * * LOW HITPOINT WARNING * * *
You feel sick. The adder bites you.
* * * LOW HITPOINT WARNING * * *
You are more poisoned.
The adder poisons you! The adder bites you.
You are more poisoned.
The adder poisons you!
Okay, then.
You die...

, , , , , . # * ,*
, .. * #.,, * ..
#.#### .#*
#....##..# , ##.
#....S...# #.. *
#.#* , #.# #@# , ,
#.# ###.####...
#.# #..........,
#.# #.#.###....
#.# #.#..# ,###
###.# #.##.##.#
#.<.# #..>....#
#.###
####.###########.#
#................#


You could see an adder.

Vanquished Creatures
  7 endoplasms (D:1)
  2 giant cockroaches
  4 goblins (D:1)
  A jackal (D:1)
  3 kobolds (D:1)
  3 ball pythons (D:1)
  5 bats (D:1)
  A frilled lizard (D:1)
  3 rats (D:1)
29 creatures vanquished.

Notes
Turn   | Place    | Note
-------+----------+-------------------------------------------
     0 | D:1      | coolguy69 the Vine Stalker Monk began the quest for the
                  | Orb.
     0 | D:1      | Reached XP level 1. HP: 11/11 MP: 2/2
   276 | D:1      | Reached XP level 2. HP: 12/16 MP: 3/3
   419 | D:1      | Found Luopsite's Distillery.
   603 | D:1      | Found a faded altar of an unknown god.
  1022 | D:1      | Reached XP level 3. HP: 5/19 MP: 2/4
  1660 | D:2      | Gained mutation: You possess an exceptional clarity of
                  | mind. [potion of mutation]
  1660 | D:2      | Gained mutation: You are weak. (Str -2) [potion of
                  | mutation]
  1660 | D:2      | Gained mutation: You passively map a small area around you.
                  | [potion of mutation]
  1662 | D:2      | HP: 1/20 [adder (1)]
  1663 | D:2      | Succumbed to an adder's poison

Illustrated notes

Levels and vault maps discovered:
D:1:      minmay_arrival_doors, layout_basic, serial_shops, shop,
          ebering_ecumenical_altar_rust, minmay_cupped
D:2:      layout_loops_cross

Skill      XL: |  1  2  3 |
---------------+----------+-----
Short Blades   | 3 |  3.2
Fighting       | 3 |  3.0
Dodging        | |  2.7
Stealth        | |  2.9

Action                   || total
-------------------------++-------
Melee: Short sword       ||    88
       Bite              ||    19
  Use: Potion            ||     4
 Stab: Sleeping          ||     6
Armor: Robe              ||    11
Dodge: Dodged            ||    64

Table legend: (Time is in decaauts)
 A = Elapsed time spent in this place.
 B = Non-inter-level travel time spent in this place.
 C = Inter-level travel time spent in this place.
 D = Time resting spent in this place.
 E = Time spent auto-exploring this place.
 F = Levels seen in this place.
 G = Mean time per level.
                   A        B        C        D        E       F      G
               +--------+--------+--------+--------+--------+-----+--------+
         Total |   1658 |   1598 |     60 |    233 |   1170 |   2 |  829.0 |
       Dungeon |   1658 |   1598 |     60 |    233 |   1170 |   2 |  829.0 |
               +--------+--------+--------+--------+--------+-----+--------+

Top non-repeatable levels by time:
     D:1: 1594 daAuts
     D:2: 63 daAuts
